[Event "*** Titled Tuesday Blitz"]
[Site "Chess.com"]
[Date "2021.02.02"]
[Round "4"]
[White "IriBu"]
[Black "PSvidler"]
[Result "1-0"]
[WhiteElo "2560"]
[BlackElo "2879"]
[TimeControl "180+1"]
[EndTime "10:40:29 PST"]
[Termination "IriBu won by resignation"]

1. e4 c5 2. Be2 Nf6 3. d3 d5 4. e5 Nfd7 5. f4 e6 6. Nf3 Nc6 7. c3 b5 8. O-O b4 9. a3 bxc3 10. bxc3 Rb8 11. d4 Qa5 12. Qc2 g6 13. Be3 Ba6 14.
Bxa6 Qxa6 15. Nbd2 Be7 16. a4 O-O 17. g4 cxd4 18.
Nxd4 Nxd4 19. Bxd4 Bc5 20. Nf3 Rfc8 21. Qd2 Qa5 22.
Rac1 Bxd4+ 23. Nxd4 Rc4 24. f5 Nxe5 25. fxe6 fxe6 26. Qf4 Qc7 27. Qf6 Re8 28. h3 Rxc3 29. Rxc3 Qxc3 30. Qxe5 Qxh3 31. Qf4 1-0

[Event "*** Titled Tuesday Blitz"]
[Site "Chess.com"]
[Date "2021.02.02"]
[Round "4"]
[White "chessasuke"]
[Black "c_r_e_e_p_e_r"]
[Result "1-0"]
[WhiteElo "2597"]
[BlackElo "2367"]
[TimeControl "180+1"]
[EndTime "10:40:30 PST"]
[Termination "chessasuke won by checkmate"]

1. d4 Nf6 2. Nf3 e6 3. g3 c5 4. Bg2 cxd4 5. Nxd4 d5 6. O-O e5 7. Nb3 h6 8. c4 d4 9. e3 d3 10. Nc3 Nc6 11. e4 Be6 12. Nd5 Nb4 13. Bd2 Nbxd5 14. cxd5 Bg4 15. f3 Bd7 16. Be3 Bb5 17. a4 Ba6 18. Nc5 Qb6 19. b4 Bc4 20. Qd2 Bxc5 21.
Bxc5 Qd8 22. Rfc1 b5 23. axb5 Bxb5 24. Bf1 Nd7 25. Bxd3 Bxd3 26. Qxd3 a5 27. Qb5 axb4 28. Rxa8 Qxa8 29. Bxb4 Qa7+ 30. Kg2 Qa2+ 31. Kh3 Qa8 32. Qc6 Qd8 33. Qd6 f6 34. Qe6+ Qe7 35. Qxe7# 1-0

[Event "*** Titled Tuesday Blitz"]
[Site "Chess.com"]
[Date "2021.02.02"]
[Round "4"]
[White "dennisodessa"]
[Black "MarceloPlaya"]
[Result "1-0"]
[WhiteElo "2462"]
[BlackElo "2289"]
[TimeControl "180+1"]
[EndTime "10:40:30 PST"]
[Termination "dennisodessa won by resignation"]

1. d4 e6 2. c4 Nf6 3. Nc3 Bb4 4. Qc2 O-O 5. a3 Bxc3+ 6. Qxc3 d5 7. Bg5 c6 8. Nf3 Ne4 9. Bxd8 Nxc3 10. Ba5 Ne4 11. e3 b6 12. Bb4 c5 13. dxc5 bxc5 14. Bd2 Nxd2 15. Nxd2 Ba6 16. Rc1 Nd7 17. cxd5 Bxf1 18. Rxf1 exd5 19. Ke2 c4 20. b3 cxb3 21. Nxb3 Rfc8 22.
Nd4 Kf8 23. Nc6 Nb6 24. Rfd1 Rc7 25. Nb4 Rd7 26. Rc5 Rad8 27. Ra5 Rc8 28. Nxd5 Rc2+ 29.
Kf3 Nc4 30. Rb5 Nd2+ 31. Rxd2 1-0

[Event "*** Titled Tuesday Blitz"]
[Site "Chess.com"]
[Date "2021.02.02"]
[Round "4"]
[White "Iball95"]
[Black "federicosellitti"]
[Result "1-0"]
[WhiteElo "2609"]
[BlackElo "2427"]
[TimeControl "180+1"]
[EndTime "10:40:32 PST"]
[Termination "Iball95 won by checkmate"]

1. e4 c5 2. Nf3 Nf6 3. Nc3 d5 4.
exd5 Nxd5 5. Bc4 Nxc3 6. bxc3 e6 7. O-O Be7 8. d4 O-O 9. Qe2 Nc6 10. Rd1 Qc7 11. Qe4 cxd4 12. cxd4 Nb4 13. Bb3 Bd7 14.
Bd2 Bc6 15. Qg4 Nd5 16. Ne5 Nf6 17. Qh3 Rad8 18. c3 Be4 19. Re1 Bg6 20. Re2 Bd6 21.
Rae1 Rfe8 22. Bg5 Be7 23. Nxg6 hxg6 24. Rxe6 fxe6 25. Bxe6+ Kf8 26. Qh8+ Ng8 27. Qxg8# 1-0

[Event "*** Titled Tuesday Blitz"]
[Site "Chess.com"]
[Date "2021.02.02"]
[Round "4"]
[White "The_filthy"]
[Black "dianamirza"]
[Result "1-0"]
[WhiteElo "2227"]
[BlackElo "1919"]
[TimeControl "180+1"]
[EndTime "10:40:33 PST"]
[Termination "The_filthy won by resignation"]

1. e4 c5 2. d4 cxd4 3. c3 dxc3 4.
Nxc3 Nc6 5. Nf3 e6 6. Bc4 Bb4 7. O-O Nf6 8. e5 Bxc3 9. bxc3 Ng4 10. Qe2 Qc7 11. Bf4 h5 12. h3 Nh6 13. Nd4 Na5 14. Nb5 Qc6 15. Nd6+ Kf8 16. Bb5 Qc7 17. Qf3 Nf5 18.
Nxf5 exf5 19. e6 d6 20. Rad1 Kg8 21. Bxd6 Qb6 22. exf7+ Kxf7 23. Bd3 g6 24. Be5 Be6 25. Qf4 Qd8 26. Bxf5 Qe7 27. Bxe6+ Kxe6 28. Rfe1 Raf8 29. Bf6+ Kf7 1-0

[Event "*** Titled Tuesday Blitz"]
[Site "Chess.com"]
[Date "2021.02.02"]
[Round "4"]
[White "ChampStan"]
[Black "Onischuk_V"]
[Result "0-1"]
[WhiteElo "2163"]
[BlackElo "2830"]
[TimeControl "180+1"]
[EndTime "10:40:36 PST"]
[Termination "Onischuk_V won by resignation"]

1. d4 d6 2. c4 e5 3. Nf3 e4 4. Ng5 Nf6 5. Nc3 Qe7 6. e3 h6 7.
Nh3 g5 8. Be2 Bg7 9. Bd2 O-O 10.
Qc2 c5 11. O-O-O Bf5 12. dxc5 dxc5 13. Nd5 Nxd5 14. cxd5 Nd7 15. Bc3 Ne5 16. Kb1 c4 17.
Bxe5 Qxe5 18. Rd4 b5 19. g4 Bg6 20. Qd2 Qd6 21. Rd1 Rfd8 22. Ng1 Qxh2 23. Ka1 Qxf2 24. d6 Rd7 25. Rd5 Rad8 26. Qa5 Qxe3 27. Qxb5 c3 28.
Kb1 cxb2 0-1

[Event "*** Titled Tuesday Blitz"]
[Site "Chess.com"]
[Date "2021.02.02"]
[Round "4"]
[White "GOGIEFF"]
[Black "Thjop"]
[Result "1-0"]
[WhiteElo "2910"]
[BlackElo "2668"]
[TimeControl "180+1"]
[EndTime "10:40:36 PST"]
[Termination "GOGIEFF won by resignation"]

1. d4 Nf6 2. c4 g6 3. Nc3 Bg7 4. e4 d6 5. Be2 O-O 6. Bg5 Na6 7. Qd2 c5 8. d5 e6 9. Nf3 exd5 10. exd5 Re8 11.
O-O Bf5 12. Nh4 Bd7 13. Rae1 Nc7 14. Qf4 Bc8 15. Bf3 a6 16. Ne4 Rxe4 17. Bxe4 b5 18. b3 a5 19. Bd3 b4 20. Re3 h6 21.
Bxf6 Qxf6 22. Qg3 Bd7 23. Rfe1 Bf8 24. h3 Qg5 25. Qxg5 hxg5 26. Nf3 f6 27. Bxg6 Kg7 28. Bc2 a4 29. h4 g4 30. Nh2 Kf7 31. Nf1 Bh6 32. Re7+ 1-0

[Event "*** Titled Tuesday Blitz"]
[Site "Chess.com"]
[Date "2021.02.02"]
[Round "4"]
[White "horripile"]
[Black "kleopl"]
[Result "1-0"]
[WhiteElo "2711"]
[BlackElo "2499"]
[TimeControl "180+1"]
[EndTime "10:40:37 PST"]
[Termination "horripile won by resignation"]

1. e4 c6 2. Nc3 d5 3. Nf3 Nf6 4. e5 Ne4 5. Ne2 Bg4 6. d3 Nc5 7. Nf4 e6 8. h3 Bxf3 9. Qxf3 Ncd7 10. d4 c5 11. c4 cxd4 12. cxd5 Bb4+ 13. Kd1 Nxe5 14. Qb3 Bd6 15. Bb5+ Nbd7 16. dxe6 fxe6 17. Nxe6 Qf6 18. Bg5 Qg6 19. f4 Nc6 20. f5 Qf7 21. Re1 Nde5 22. Bf4 Ke7 23. Bxc6 Nxc6 24. Ng5+ 1-0

[Event "*** Titled Tuesday Blitz"]
[Site "Chess.com"]
[Date "2021.02.02"]
[Round "4"]
[White "GelmanAlexander"]
[Black "GigaQuparadze"]
[Result "1-0"]
[WhiteElo "2575"]
[BlackElo "2973"]
[TimeControl "180+1"]
[EndTime "10:40:40 PST"]
[Termination "GelmanAlexander won by resignation"]

1. d4 Nf6 2. Nc3 e6 3. Bf4 b6 4.
e4 Bb4 5. e5 Nd5 6. Bd2 Nxc3 7.
bxc3 Be7 8. Qg4 g6 9. h4 h5 10.
Qg3 Nc6 11. Bd3 Bb7 12. Nf3 d6 13. O-O Qd7 14. a4 O-O-O 15. a5 Nxa5 16. Rxa5 bxa5 17. Rb1 d5 18. Ng5 Bxg5 19. Bxg5 Rde8 20. Bb5 c6 21. Bf1 Kc7 22. c4 Kc8 23. Qa3 Qc7 24. Bd2 dxc4 25.
Bxa5 Qd7 26. Bc3 Qd5 27. Qxa7 c5 28. dxc5 Re7 29. Ba5 Qc6 30. Rb6 Qxc5 31. Bb4 Qc7 32. Bd6 Qd7 33. Qa8+ 1-0

[Event "*** Titled Tuesday Blitz"]
[Site "Chess.com"]
[Date "2021.02.02"]
[Round "4"]
[White "Orest_Vovk"]
[Black "AsadliVugar"]
[Result "0-1"]
[WhiteElo "2467"]
[BlackElo "2845"]
[TimeControl "180+1"]
[EndTime "10:40:40 PST"]
[Termination "AsadliVugar won on time"]

1. g4 d5 2. h3 e5 3. Bg2 c6 4. d4 e4 5. c4 h5 6. Nc3 hxg4 7. Qb3 gxh3 8. Bxh3 Bxh3 9. Rxh3 Rxh3 10. Nxh3 Qd7 11. cxd5 Nf6 12. Nf4 Na6 13. dxc6 bxc6 14. d5 Rb8 15.
dxc6 Qxc6 16. Qa4 Qxa4 17. Nxa4 Nb4 18. Kf1 Nc2 19. Rb1 Rd8 20. Be3 Nxe3+ 21. fxe3 Ng4 22. Ng2 Be7 23. Nc3 f5 24. Rd1 Rb8 25. b3 Rb6 26. Nd5 Rh6 27. Kg1 Bd6 28. Ndf4 g5 29.
Nh5 Bh2+ 0-1

[Event "*** Titled Tuesday Blitz"]
[Site "Chess.com"]
[Date "2021.02.02"]
[Round "4"]
[White "Jumbo"]
[Black "NiranjanNavalgund"]
[Result "1-0"]
[WhiteElo "2817"]
[BlackElo "2520"]
[TimeControl "180+1"]
[EndTime "10:40:41 PST"]
[Termination "Jumbo won by resignation"]

1. e3 e5 2. c4 Nf6 3. Nc3 Bb4 4. Nge2 O-O 5. Qc2 d5 6. cxd5 Nxd5 7. Ng3 Nc6 8. Bd3 g6 9. Be4 Bxc3 10. bxc3 f5 11. Bf3 e4 12. Be2 Be6 13. O-O Ne5 14. Ba3 Rf7 15. c4 Nf6 16. Qc3 Nd3 17. f3 Rd7 18. fxe4 Nxe4 19. Nxe4 fxe4 20. Rf8+ Qxf8 21. Bxf8 Rxf8 22.
Rf1 Rxf1+ 23. Bxf1 Kf7 24. Qh8 h5 25. Bxd3 Rxd3 26.
Qh7+ Kf6 27. Qxc7 Rxd2 28. Qxb7 Bxc4 29. Qc6+ Ke5 30. Qxc4 1-0

[Event "*** Titled Tuesday Blitz"]
[Site "Chess.com"]
[Date "2021.02.02"]
[Round "4"]
[White "bogcsab"]
[Black "mikolka1985"]
[Result "0-1"]
[WhiteElo "2169"]
[BlackElo "2569"]
[TimeControl "180+1"]
[EndTime "10:40:41 PST"]
[Termination "mikolka1985 won on time"]

1. d4 Nf6 2. c4 e6 3. Nf3 d5 4.
e3 Be7 5. Nc3 O-O 6. cxd5 exd5 7. Qc2 b6 8. Bd3 Bb7 9. O-O Nbd7 10. Ng5 h6 11. Nf3 c5 12. Ne5 c4 13. Be2 Bb4 14. f4 Bxc3 15. bxc3 Ne4 16. Ba3 Re8 17. Ng4 Ndf6 18.
Ne5 Nd7 19. Ng4 f6 20. Bf3 b5 21. Nf2 Nb6 22. Nxe4 dxe4 23. Bg4 Nd5 24. f5 Nxe3 25.
Qe2 Nxf1 26. Bh5 e3 27. Bxe8 Qxe8 28. Rxf1 Qe4 29. Bc1 Re8 30. Rf3 Qb1 31. Rf1 Qd3 32. Qh5 Bc6 33. Re1 Qxc3 0-1

[Event "*** Titled Tuesday Blitz"]
[Site "Chess.com"]
[Date "2021.02.02"]
[Round "4"]
[White "JoliyRoger"]
[Black "Kildepiotr"]
[Result "0-1"]
[WhiteElo "2408"]
[BlackElo "2590"]
[TimeControl "180+1"]
[EndTime "10:40:41 PST"]
[Termination "Kildepiotr won by resignation"]

1. d4 c5 2. d5 e5 3. c4 d6 4. Nc3 Be7 5. Nf3 a6 6. h3 b5 7. cxb5 axb5 8. Nxb5 Ba6 9. e4 Nd7 10. a4 Ngf6 11. Qc2 O-O 12. Be2 c4 13. Na3 Nc5 14. Nd2 c3 15. bxc3 Bxe2 16. Kxe2 Rxa4 17. c4 Nh5 18. g3 Bg5 19. h4 Bh6 20. Nf3 Bxc1 21. Rhxc1 Qa5 22. Qd2 Qa6 23. Qb2 Ra8 24. Nb5 Rxa1 25.
Nc7 Qa2 26. Rc2 Qxb2 27. Rxb2 R8a2 0-1

[Event "*** Titled Tuesday Blitz"]
[Site "Chess.com"]
[Date "2021.02.02"]
[Round "4"]
[White "isla88"]
[Black "ozates"]
[Result "0-1"]
[WhiteElo "2306"]
[BlackElo "2474"]
[TimeControl "180+1"]
[EndTime "10:40:41 PST"]
[Termination "ozates won by resignation"]

1. d4 d5 2. Nc3 Nf6 3. Bf4 c5 4. e3 a6 5. Nf3 Nc6 6. dxc5 e6 7. Na4 Bxc5 8. Nxc5 Qa5+ 9. c3 Qxc5 10. Ne5 O-O 11.
Bd3 Qe7 12. Qf3 Nxe5 13. Bxe5 Nd7 14. Qh3 f5 15. Bg3 Nc5 16. Bc2 e5 17. Bh4 g5 18.
Qg3 h6 19. b4 Ne4 20. Bxe4 dxe4 21. f4 exf3 22. gxf3 Kh8 23. Bxg5 hxg5 24. h4 g4 25. fxg4 fxg4 26. O-O-O Rf3 27. Qg2 Be6 28. Qd2 Rc8 29. Kb2 g3 30. h5 Rf2 0-1

[Event "*** Titled Tuesday Blitz"]
[Site "Chess.com"]
[Date "2021.02.02"]
[Round "4"]
[White "SkippingLaptop"]
[Black "Taktikmonster"]
[Result "0-1"]
[WhiteElo "2084"]
[BlackElo "2296"]
[TimeControl "180+1"]
[EndTime "10:40:41 PST"]
[Termination "Taktikmonster won by checkmate"]

1. c4 c5 2. g3 g6 3. Bg2 Bg7 4. Nf3 Nc6 5. O-O e5 6. Nc3 d6 7. d3 Nge7 8. Rb1 O-O 9. a3 a5 10. Ne1 Be6 11. Nc2 d5 12. cxd5 Nxd5 13. Nxd5 Bxd5 14. Ne3 Bxg2 15. Kxg2 Nd4 16. b4 cxb4 17.
axb4 a4 18. b5 a3 19. Nc4 a2 20. Ra1 Qd5+ 21. e4 Qxb5 22. Bb2 Nb3 23. Qc2 Nxa1 24. Rxa1 Rfd8 25. f4 exf4 26. Bxg7 Kxg7 27. Rxa2 Rxa2 28. Qxa2 Rxd3 29. g4 f3+ 30. Kf2 Qc5+ 31. Kg3 Qg1+ 32. Kf4 f2 33. Qb2+ Kg8 34. Ke5 f1=Q 35. Qxb7 Qd4# 0-1

[Event "*** Titled Tuesday Blitz"]
[Site "Chess.com"]
[Date "2021.02.02"]
[Round "4"]
[White "SGchess01"]
[Black "PopMilan95"]
[Result "1-0"]
[WhiteElo "2802"]
[BlackElo "2605"]
[TimeControl "180+1"]
[EndTime "10:40:43 PST"]
[Termination "SGchess01 won by resignation"]

1. e4 d6 2. d4 Nf6 3. Nc3 e5 4.
Nf3 exd4 5. Nxd4 Be7 6. g3 d5 7. e5 Ng4 8. Bg2 Nxe5 9. Qe2 Nbc6 10. Nxc6 Nxc6 11. Nxd5 Be6 12. Nxe7 Qxe7 13. O-O O-O 14. c3 Qc5 15. Be3 Qa5 16. Rfd1 Rad8 17. a4 Rxd1+ 18. Qxd1 Rd8 19. Qe2 h5 20. Qb5 Bd5 21. Bxd5 Rxd5 22. Qxb7 Rd6 23. b4 Qf5 24. Bf4 Re6 25. b5 Ne5 26.
Bxe5 Qxe5 27. Qxa7 Qxc3 28. Rd1 Re1+ 29. Rxe1 Qxe1+ 30. Kg2 h4 31. Qa8+ Kh7 32. Qf3 hxg3 33. hxg3 f6 34.
Qd3+ g6 35. Qd7+ Kh6 36. Qxc7 Qe4+ 37. Kh2 Qf3 38. Qf4+ 1-0

[Event "*** Titled Tuesday Blitz"]
[Site "Chess.com"]
[Date "2021.02.02"]
[Round "4"]
[White "Mbneu"]
[Black "Chernobay_Artem"]
[Result "0-1"]
[WhiteElo "2299"]
[BlackElo "2584"]
[TimeControl "180+1"]
[EndTime "10:40:43 PST"]
[Termination "Chernobay_Artem won by resignation"]

1. d4 Nf6 2. c4 g6 3. Nc3 Bg7 4.
e4 d6 5. f4 O-O 6. Nf3 c5 7.
d5 e6 8. Be2 exd5 9. cxd5 Re8 10. e5 dxe5 11. fxe5 Ng4 12. e6 fxe6 13. Bg5 Qb6 14. Qd2 Na6 15. O-O exd5 16. Nxd5 Qxb2 17. Bc4 Qxd2 18. Ne7+ Kh8 19. Nxd2 Nc7 20. Rae1 Bd7 21. Ne4 Bd4+ 22. Kh1 Rf8 23. h3 Rxf1+ 24. Rxf1 Ne3 25. Rf7 Be6 26. Bxe6 Nxe6 27. Nf6 Nxg5 0-1

[Event "*** Titled Tuesday Blitz"]
[Site "Chess.com"]
[Date "2021.02.02"]
[Round "4"]
[White "LawrenceTrent"]
[Black "Sergienko_Sergey"]
[Result "1-0"]
[WhiteElo "2571"]
[BlackElo "2388"]
[TimeControl "180+1"]
[EndTime "10:40:43 PST"]
[Termination "LawrenceTrent won by resignation"]

1. d4 Nf6 2. Nc3 d5 3. Bf4 Bf5 4. f3 e6 5. g4 Bg6 6. h4 h5 7. g5 Nfd7 8. e3 Bd6 9. Nh3 O-O 10. Bd3 e5 11. dxe5 Nxe5 12. Bxe5 Bxe5 13. Bxg6 fxg6 14. Qxd5+ Qxd5 15. Nxd5 Na6 16. f4 Bxb2 17. Rb1 Ba3 18. Rxb7 Rab8 19. Rxb8 Rxb8 20. Kf2 Rb2 21. Kf3 Rxc2 22.
Rb1 c6 23. Rb3 Bf8 24. Rc3 Rh2 25. Kg3 Rxh3+ 26. Kxh3 cxd5 27. Rc6 Nb4 28. Rxg6 Kf7 29. f5 Bc5 30. Re6 a5 31. g6+ Kf8 32. a4 Be7 33. e4 dxe4 34. Rxe4 Bf6 35. Rc4 Nc2 36. Rxc2 1-0

[Event "*** Titled Tuesday Blitz"]
[Site "Chess.com"]
[Date "2021.02.02"]
[Round "4"]
[White "Tpros"]
[Black "Aslanov_Umid"]
[Result "0-1"]
[WhiteElo "2509"]
[BlackElo "2327"]
[TimeControl "180+1"]
[EndTime "10:40:43 PST"]
[Termination "Aslanov_Umid won by resignation"]

1. c4 e6 2. e3 d5 3. Nf3 c6 4. b3 Nf6 5. Bb2 Be7 6. d4 O-O 7.
Nbd2 Nbd7 8. Bd3 b6 9. O-O Bb7 10. e4 dxe4 11. Nxe4 Nxe4 12. Bxe4 Nf6 13. Bc2 h6 14.
Qe2 Qc7 15. Rad1 c5 16. Ne5 cxd4 17. Bxd4 Rad8 18. Bb2 Ba8 19. Rxd8 Rxd8 20. Rd1 Qb7 21.
Rxd8+ Bxd8 22. f3 Be7 23. Bd4 Qc7 24. Bb2 Bc5+ 25. Kf1 Bb7 26. g3 Nd7 27. Nxd7 Qxd7 28. Bc3 Qd6 29. Be5 Bxf3 30. Bxd6 Bxe2+ 31. Kxe2 Bxd6 32. Kf3 Kf8 33. h3 Ke7 34. g4 g6 35.
Be4 f5 36. Bc2 Kf6 37. h4 e5 38. h5 e4+ 39. Ke2 gxh5 40. gxf5 Kxf5 41. Kf2 h4 42. Kg2 Kf4 43. Kh3 Be7 44. Kg2 h5 45. Bd1 Kg5 46. Bc2 e3 47. Bd1 Kf5 48. Bxh5 Ke4 49. Bg6+ Kd4 50.
Kf3 h3 51. Bf5 h2 52. Kg2 e2 0-1

[Event "*** Titled Tuesday Blitz"]
[Site "Chess.com"]
[Date "2021.02.02"]
[Round "4"]
[White "Zhigalko_Sergei"]
[Black "Alexander_Moskalenko"]
[Result "0-1"]
[WhiteElo "2909"]
[BlackElo "2809"]
[TimeControl "180+1"]
[EndTime "10:40:44 PST"]
[Termination "Alexander_Moskalenko won by resignation"]

1. e4 d6 2. d4 Nf6 3. Nc3 e5 4. Nf3 Nbd7 5. Bc4 Be7 6. O-O O-O 7. a4 a6 8. Re1 b6 9. Bg5 Bb7 10. Qd2 c6 11. Rad1 Qc7 12. Nh4 g6 13. Bh6 Rfe8 14. Nf5 b5 15. Bb3 exd4 16. Nxe7+ Rxe7 17. Qxd4 c5 18. Qxd6 Qxd6 19. Rxd6 c4 20. Ba2 b4 21.
Nd1 Rxe4 22. Rxe4 Bxe4 23. Bxc4 Bxc2 24. Bg5 Bxa4 25. b3 Ne4 26. Rd4 Nxg5 27. bxa4 Ne5 28.
Bd5 Rd8 29. Ne3 Ngf3+ 30. gxf3 Nxf3+ 31. Bxf3 Rxd4 32. Bd5 Rd3 33. Kf1 b3 34. Be4 Rd4 35. Ke2 Rxe4 0-1

[Event "*** Titled Tuesday Blitz"]
[Site "Chess.com"]
[Date "2021.02.02"]
[Round "4"]
[White "kenta1234"]
[Black "adriangschnitzer"]
[Result "0-1"]
[WhiteElo "2659"]
[BlackElo "2509"]
[TimeControl "180+1"]
[EndTime "10:40:44 PST"]
[Termination "adriangschnitzer won by resignation"]

1. Nf3 c5 2. c4 Nf6 3. Nc3 Nc6 4. g3 d5 5. cxd5 Nxd5 6. Bg2 Nc7 7. O-O e5 8. d3 Be7 9. b3 O-O 10. Bb2 f6 11. Rc1 Bd7 12. Nd2 Rc8 13. Nd5 Nxd5 14.
Bxd5+ Kh8 15. Bg2 Be6 16. Nc4 b6 17. a3 Qd7 18. Qd2 Nd4 19. Bxd4 cxd4 20. b4 Rc7 21. Rc2 Rfc8 22. Rfc1 Qa4 23. b5 Qxb5 24. Rb2 Qa4 25. Rcb1 Bxc4 26. dxc4 Rxc4 27. Bd5 Rc2 28. Rxc2 Qxc2 29.
Qxc2 Rxc2 30. Kf1 Bxa3 31. Ra1 Rc3 32. Ke1 g6 33. Kd1 Kg7 34. h4 f5 35. Rb1 Kf6 36.
Bb3 b5 37. Bc2 b4 38. Kd2 a5 39. f3 h6 40. Bb3 e4 41. fxe4 fxe4 42. Rf1+ Ke5 43.
Bc2 b3 0-1

[Event "*** Titled Tuesday Blitz"]
[Site "Chess.com"]
[Date "2021.02.02"]
[Round "4"]
[White "CHENNAIBOND"]
[Black "Tiradini007"]
[Result "0-1"]
[WhiteElo "1703"]
[BlackElo "2212"]
[TimeControl "180+1"]
[EndTime "10:40:44 PST"]
[Termination "Tiradini007 won by resignation"]

1. e4 c5 2. Nf3 Nc6 3. Bb5 g6 4. O-O Bg7 5. Re1 Nf6 6. e5 Nd5 7. Nc3 Nc7 8. Bxc6 dxc6 9. Ne4 b6 10. d3 Ne6 11. Be3 O-O 12. Neg5 Nd4 13. Bxd4 cxd4 14.
e6 f6 15. Nh3 Bh6 16. Qe2 Qd5 17. a4 a5 18. Ra3 c5 19. Rb3 Rb8 20. Nd2 Ba6 21. Nc4 Bxc4 22. dxc4 Qc6 23. Rg3 Kh8 24. Qg4 Rbd8 25. Qh4 Kg7 26. Nf4 Bxf4 27. Qxf4 Rd6 28. Rh3 h5 29. g4 Rxe6 30. Rf1 Re4 0-1

[Event "*** Titled Tuesday Blitz"]
[Site "Chess.com"]
[Date "2021.02.02"]
[Round "4"]
[White "MITerryble"]
[Black "Saxar85"]
[Result "1/2-1/2"]
[WhiteElo "2927"]
[BlackElo "2806"]
[TimeControl "180+1"]
[EndTime "10:40:45 PST"]
[Termination "Game drawn by agreement"]

1. d4 Nf6 2. Bg5 d5 3. Bxf6 gxf6 4. e3 c5 5. c3 e6 6. Nf3 Nc6 7. Nbd2 Bd7 8. Qb3 Qb6 9. Be2 f5 10. g3 Qxb3 11. axb3 b6 12. Ba6 Rb8 13. Bb5 a5 14. O-O Bd6 15. c4 Nb4 16. Bxd7+ Kxd7 17. cxd5 Nxd5 18.
Nc4 f6 19. Rfd1 Rhc8 20. Rd2 Be7 21. Kg2 Ke8 22. Rad1 Kf7 23. dxc5 Rxc5 24. Nd4 Nb4 25. Na3 Rbc8 26. Kf3 Rc1 27. Ke2 Rxd1 28. Kxd1 Bc5 29.
Ndb5 Ke7 30. Nc4 1/2-1/2

[Event "*** Titled Tuesday Blitz"]
[Site "Chess.com"]
[Date "2021.02.02"]
[Round "4"]
[White "Azerichess"]
[Black "Berardino"]
[Result "1-0"]
[WhiteElo "2995"]
[BlackElo "2560"]
[TimeControl "180+1"]
[EndTime "10:40:49 PST"]
[Termination "Azerichess won on time"]

1. c4 e6 2. Nf3 d5 3. e3 Nf6 4. Nc3 Be7 5. g4 O-O 6. g5 Ne4 7. h4 b6 8. Qc2 Bb7 9. Bd3 Na6 10. a3 Nac5 11. cxd5 Nxd3+ 12. Qxd3 exd5 13. Qe2 d4 14. Nxe4 Bxe4 15. d3 Bxf3 16. Qxf3 dxe3 17. Qxe3 Bc5 18. Qf3 Re8+ 19. Kf1 Qd7 20. Bf4 Rad8 21. Rd1 Qf5 22.
Kg2 f6 23. Bxc7 Qxf3+ 24. Kxf3 Rc8 25. Bg3 Bd4 26. Rd2 fxg5 27. hxg5 Rc5 28. Rh4 Rf5+ 29. Kg2 Bc5 30. Re4 Ref8 31. d4 1-0

[Event "*** Titled Tuesday Blitz"]
[Site "Chess.com"]
[Date "2021.02.02"]
[Round "4"]
[White "petrkostenko"]
[Black "BrandonJacobson"]
[Result "0-1"]
[WhiteElo "2457"]
[BlackElo "2842"]
[TimeControl "180+1"]
[EndTime "10:40:49 PST"]
[Termination "BrandonJacobson won on time"]

1. e4 c5 2. Nf3 Nc6 3. d4 cxd4 4. Nxd4 Nf6 5. Nc3 d6 6. Bg5 e6 7. Qd2 a6 8. O-O-O Bd7 9. f4 Be7 10. Nf3 b5 11. Bxf6 gxf6 12. Kb1 Qb6 13. f5 O-O-O 14. Qh6 Kb8 15. Qh5 Rdf8 16. Ne2 Ne5 17. Nf4 Qe3 18. Qh6 Ng4 19. Qh4 Qxf4 20. h3 h5 21. Bd3 Ka7 22. hxg4 hxg4 23. Qxh8 Rxh8 24. Rxh8 gxf3 25. Rh7 fxg2 26. Rxf7 Qf2 27. Rxe7 g1=Q 28. Rxd7+ Kb8 29. Be2 Qge1 30. Bh5 Qfd2 31. Rxd6 Qexd1+ 32. Bxd1 Qxd6 0-1

[Event "*** Titled Tuesday Blitz"]
[Site "Chess.com"]
[Date "2021.02.02"]
[Round "4"]
[White "Hongjin"]
[Black "Kobalia"]
[Result "0-1"]
[WhiteElo "2494"]
[BlackElo "2695"]
[TimeControl "180+1"]
[EndTime "10:40:50 PST"]
[Termination "Kobalia won by resignation"]

1. c4 Nf6 2. Nc3 g6 3. d4 Bg7 4.
e4 O-O 5. h3 d6 6. Be3 e5 7. d5 a5 8. g4 Na6 9. Nge2 h5 10. f3 c6 11. Qd2 Nc5 12. O-O-O cxd5 13. cxd5 a4 14. Bh6 a3 15. b3 Qa5 16. Bxg7 Kxg7 17.
Rg1 hxg4 18. hxg4 Bd7 19. Ng3 Rac8 20. Nge2 Bb5 21. Rh1 Ng8 22. Kb1 Bd3+ 23. Ka1 Bxe2 24. Nxe2 Qxd2 25. Rxd2 Na6 26. Kb1 Nb4 27. Nc1 Ne7 28.
Nd3 Nxd3 29. Bxd3 Rh8 30. Rdh2 Rxh2 31. Rxh2 Rc3 32. Rd2 Kh6 33. Be2 Kg5 34. Rc2 Rxc2 35. Kxc2 Kf4 36. b4 Ke3 37. Bd1 f5 38. gxf5 gxf5 39.
exf5 Nxf5 40. Kb3 Kd2 41. Bc2 Nd4+ 42. Kc4 0-1

[Event "*** Titled Tuesday Blitz"]
[Site "Chess.com"]
[Date "2021.02.02"]
[Round "4"]
[White "catzapto"]
[Black "Unknown_IM"]
[Result "0-1"]
[WhiteElo "2111"]
[BlackElo "2394"]
[TimeControl "180+1"]
[EndTime "10:40:52 PST"]
[Termination "Unknown_IM won on time"]

1. e4 e5 2. Nf3 Nc6 3. d4 exd4 4. Bc4 Bc5 5. c3 Nf6 6. cxd4 Bb4+ 7. Nc3 Nxe4 8. O-O Bxc3 9. d5 Bf6 10. Re1 Ne7 11.
Rxe4 d6 12. Bg5 Bxg5 13. Nxg5 h6 14. Qh5 O-O 15. Rh4 Ng6 16. Nxf7 Kxf7 17. Bd3 Qf6 18. Bxg6+ Kg8 19. f4 Qd4+ 20. Kh1 Qxb2 21. Re1 Qc3 22. Qe2 Bf5 0-1

[Event "*** Titled Tuesday Blitz"]
[Site "Chess.com"]
[Date "2021.02.02"]
[Round "4"]
[White "rynos0411"]
[Black "esrosenberg"]
[Result "1-0"]
[WhiteElo "2406"]
[BlackElo "2177"]
[TimeControl "180+1"]
[EndTime "10:40:54 PST"]
[Termination "rynos0411 won on time"]

1. e4 e6 2. d4 d5 3. Nd2 c5 4. Ngf3 cxd4 5. Nxd4 Nc6 6. Bb5 Bd7 7.
Nxc6 bxc6 8. Bd3 Bd6 9. Qe2 e5 10. O-O Nf6 11. h3 O-O 12. Kh1 Re8 13. b3 a5 14. a4 Qc8 15. Qf3 Re6 16. Bb2 g6 17.
Rae1 Nh5 18. exd5 Rf6 19. Qe3 cxd5 20. Bxe5 Bxe5 21. Qxe5 Rb8 22. g4 Rbb6 23. gxh5 Bxh3 24. Qe8+ Qxe8 25. Rxe8+ Kg7 26. Rfe1 Rxf2 27. R1e2 Rbf6 28. hxg6 hxg6 29. Rxf2 Rxf2 30. Re2 Rf6 31. Kh2 Bg4 32. Rg2 Be6 33. Kg3 Bd7 34. Rf2 1-0

[Event "*** Titled Tuesday Blitz"]
[Site "Chess.com"]
[Date "2021.02.02"]
[Round "4"]
[White "leejunhyeok"]
[Black "BairaKovanova"]
[Result "0-1"]
[WhiteElo "2635"]
[BlackElo "2509"]
[TimeControl "180+1"]
[EndTime "10:40:57 PST"]
[Termination "BairaKovanova won on time"]

1. e4 e5 2. Nf3 Nc6 3. Bc4 Nf6 4. d3 Be7 5. O-O O-O 6. Re1 d6 7. a4 Be6 8. Bxe6 fxe6 9. c3 Nh5 10. Be3 Qe8 11.
Nbd2 Qg6 12. b4 Nd8 13. d4 exd4 14. cxd4 Nf4 15. Bxf4 Rxf4 16. Rc1 c6 17. b5 Kh8 18.
bxc6 Nxc6 19. d5 Ne5 20. Nxe5 dxe5 21. Rc7 Bd6 22. Rxb7 Bc5 23. Rf1 Raf8 24. Qe2 h6 0-1

[Event "*** Titled Tuesday Blitz"]
[Site "Chess.com"]
[Date "2021.02.02"]
[Round "4"]
[White "ajdemipopushi"]
[Black "Nastya_Rakhmangulova"]
[Result "1-0"]
[WhiteElo "2332"]
[BlackElo "2471"]
[TimeControl "180+1"]
[EndTime "10:40:59 PST"]
[Termination "ajdemipopushi won by resignation"]

1. Nf3 g6 2. g3 Bg7 3. d4 Nf6 4. Bg2 d6 5. c4 O-O 6. O-O Nbd7 7.
Nc3 e5 8. h3 Re8 9. e4 exd4 10.
Nxd4 Nc5 11. Re1 c6 12. Nb3 Nxb3 13. axb3 Nh5 14. g4 Nf6 15. Bf4 Qb6 16. Bxd6 h5 17.
Na4 Qd8 18. g5 Nh7 19. h4 Bg4 20. f3 Be6 21. e5 b6 22. f4 Qc8 23. Qf3 Bd7 24.
c5 b5 25. Nc3 a5 26. Ne4 Ra6 27. Nf6+ Bxf6 28. gxf6 Be6 29. Qg3 Nf8 30. Rad1 a4 31. b4 Bf5 32. Bxf8 Rxf8 33. Rd6 Rd8 34. Red1 Rxd6 35. Rxd6 a3 36. bxa3 Qa8 37. Qg5 Rxa3 38.
Qh6 Qf8 39. Rd8 1-0